 Dungeon Crawl Stone Soup version 0.17.0-28-g6e173f8 (webtiles) character file.

54853 Arkorax the Fighter (level 14, -10/129 HPs)
             Began as a Purple Draconian Transmuter on Nov 22, 2015.
             Mangled by a sun demon (17 damage)
             ... on level 8 of the Lair of Beasts.
             The game lasted 01:04:52 (24282 turns).

Arkorax the Fighter (Purple Draconian Transmuter)  Turns: 24282, Time: 01:04:53

Health: -10/129    AC: 14    Str: 12    XL:     14   Next: 36%
Magic:  22/27      EV: 24    Int: 16    God:
Gold:   930        SH:  0    Dex: 15    Spells: 3 memorised, 18 levels left

rFire  . . .     SeeInvis .       - Unarmed
rCold  . . .     Clarity  .     (armour unavailable)
rNeg   . . .     SustAt   .     (shield currently unavailable)
rPois  +         Gourm    .     (helmet restricted)
rElec  .         Spirit   .     i - +2 cloak
rCorr  .         Warding  .     (gloves currently unavailable)
rMut   .         Stasis   .     y - +2 pair of boots
MR     ++...                    (no amulet)
Stlth  ++........               Z - +5 ring of evasion
                                E - ring of poison resistance

@: about to teleport, blade hands, very resistant to hostile enchantments,
unstealthy
A: breathe power, unfitting armour, cold-blooded, AC +8
a: Breathe Dispelling Energy, End Transformation


You were on level 8 of the Lair of Beasts.
You were very hungry.
You had blades for hands.
You visited 4 branches of the dungeon, and saw 20 of its levels.
You also visited: Volcano.

You collected 1018 gold pieces.
You spent 88 gold pieces at shops.

Inventory:

Armour
 i - a +2 cloak (worn)
 y - a +2 pair of boots (worn)
 A - a +0 buckler
 N - a +2 pair of gloves (melded)
Jewellery
 E - a ring of poison resistance (left scythe-like blade)
 Z - a +5 ring of evasion (right scythe-like blade)
Wands
 c - a wand of fireball (7)
 q - a wand of heal wounds (5)
 u - a wand of digging (14)
 x - a wand of fireball (5)
 z - a wand of digging (17)
 L - a wand of paralysis (1)
 O - a wand of paralysis (2)
 Q - a wand of magic darts (30)
 S - a wand of polymorph (3)
 U - a wand of fireball (8)
 X - a wand of disintegration (22)
Scrolls
 a - a scroll of silence
 f - 3 scrolls of enchant armour
 j - 3 scrolls of magic mapping
 k - 6 scrolls of identify
 l - 5 scrolls of teleportation
 m - 3 scrolls of fog
 n - 3 scrolls of recharging
 t - a scroll of fear
 B - 2 scrolls of amnesia
 F - 6 scrolls of remove curse
 K - a scroll of summoning
Potions
 d - 10 potions of curing
 e - 2 potions of haste
 g - a potion of ambrosia
 o - 3 potions of lignification
 r - a potion of cancellation
 s - 2 potions of agility
 w - a potion of mutation
 C - 5 potions of brilliance
 D - 4 potions of flight
 G - 2 potions of resistance
 R - a potion of might
 T - 3 potions of heal wounds
Books
 b - a book of Changes

   Spells                             Type                      Level
   a - Beastly Appendage              Transmutation                1
   b - Sticks to Snakes               Transmutation                2
   c - Spider Form                    Transmutation/Poison         3
   d - Ice Form                       Ice/Transmutation            4
   e - Blade Hands                    Transmutation                5
 v - the Papyrus of Beguiling
   (You found it on level 8 of the Lair of Beasts)

   Spells                             Type                      Level
   a - Ensorcelled Hibernation        Hexes/Ice                    2
   b - Summon Guardian Golem          Hexes/Summoning              3
   c - Fulminant Prism                Conjuration/Hexes            4
   d - Mass Confusion                 Hexes                        6
 H - a book of the Dragon

   Spells                             Type                      Level
   a - Flame Tongue                   Conjuration/Fire             1
   b - Cause Fear                     Hexes                        4
   c - Bolt of Fire                   Conjuration/Fire             6
   d - Dragon Form                    Transmutation                7
   e - Dragon's Call                  Summoning                    9
 I - a book of the Sky

   Spells                             Type                      Level
   a - Summon Lightning Spire         Summoning/Air                4
   b - Airstrike                      Air                          4
   c - Silence                        Hexes/Air                    5
   d - Deflect Missiles               Charms/Air                   6
   e - Conjure Ball Lightning         Conjuration/Air              6
   f - Tornado                        Air                          9
 M - an Akashic Record

   Spells                             Type                      Level
   a - Dispersal                      Translocation                6
   b - Malign Gateway                 Summoning/Translocation      7
   c - Disjunction                    Translocation                8
   d - Controlled Blink               Translocation                8
 P - a book of Flames

   Spells                             Type                      Level
   a - Flame Tongue                   Conjuration/Fire             1
   b - Throw Flame                    Conjuration/Fire             2
   c - Conjure Flame                  Conjuration/Fire             3
   d - Inner Flame                    Hexes/Fire                   3
   e - Sticky Flame                   Conjuration/Fire             4
   f - Fireball                       Conjuration/Fire             5
Miscellaneous
 J - a phial of floods (inert)
Comestibles
 h - a beef jerky
 p - a meat ration
 V - 10 fruits
 W - a bread ration
 Y - 2 slices of pizza


   Skills:
 - Level 13.6 Fighting
 - Level 10.6 Dodging
 + Level 11.8 Unarmed Combat
 - Level 9.3 Spellcasting
 + Level 13.0 Transmutations


You had 18 spell levels left.
You knew the following spells:

 Your Spells              Type           Power        Failure   Level  Hunger
a - Beastly Appendage     Trmt           #####.       6%          1    None
b - Blade Hands           Trmt           #####.....   17%         5    #####..
c - Dragon Form           Trmt           #####.....   85%         7    #######


Dungeon Overview and Level Annotations

Branches:
Dungeon (10/15)            Temple (1/1) D:6            Lair (8/8) D:9
  Swamp (0/4) Lair:4        Snake (0/4) Lair:5        Slime (1/6) Lair:8
    Orc: D:9-12

Altars:
Ashenzari
Cheibriados
Dithmenos
Elyvilon
Fedhas
Gozag
Kikubaaqudgha
Makhleb
Nemelex Xobeh
Okawaru
Qazlal
Ru
Sif Muna
Trog
Vehumet
Xom
Yredelemnul
Zin
The Shining One

Shops:
D:5 (   D:6 !   D:8 (

Annotations:
D:4 boringman's ghost, novice HuFi
D:8 Kloppie's ghost, novice HOFi


Innate Abilities, Weirdness & Mutations

You can breathe bolts of dispelling energy.
Your rich purple scales are hard (AC +8).
Your body does not fit into most forms of armour.
You are cold-blooded and may be slowed by cold attacks.


Message History

Your hands turn into razor-sharp scythe blades.
Your +2 pair of gloves melds into your body.
You are feeling very hungry.
The sun demon hits you!!
You are engulfed in flames!
* * * LOW HITPOINT WARNING * * *
Evoke which item? (* to show all) (? for menu, Esc to quit)
You have no means to grasp a wand firmly enough.
Unknown command.
Read which item? (? for menu, Esc to quit)
As you read the scroll of teleportation, it crumbles to dust.
You feel strangely unstable. The red devil barely misses you.
The sun demon closely misses you.
You hit the sun demon but do no damage. You slash the sun demon!!
The sun demon is severely wounded.
The red devil hits you from afar with a demon trident!
* * * LOW HITPOINT WARNING * * *
The sun demon hits you!!
* * * LOW HITPOINT WARNING * * *
You are engulfed in flames!
You die...

****####''###### ♣♣♣.♣♣.♣§♣
≈*,,...........#########'♣♣♣♣♣
≈*,,..8....8...#........#♣
≈*,,........)..'...8.8..#
≈***############..8.8...# ♣
≈≈≈≈≈≈≈,.......#...8.8..# ♣♣
≈≈≈≈≈,,,......4#..8.8...# ♣.
≈≈≈≈∩,,,.._...43...8.8..# ♣.
≈≈≈≈≈≈,,......4#@.8.8...# ♣♣
≈≈≈≈≈≈≈≈≈≈.....#........# ♣
≈≈≈≈≈≈≈≈§≈≈≈#############
≈≈≈≈≈≈≈≈≈≈≈≈≈≈≈≈≈≈*
********##*********


You could see a sun demon, a hellwing and a red devil.

Vanquished Creatures
  3 dire elephants (Lair:8)
  Erolcha (D:9)
  3 hydras
  8 death yaks
  2 hill giants (D:10)
  A wizard (Lair:8)
  A griffon (Lair:8)
  A sixfirhy (Lair:8)
  13 spiny frogs
  14 elephants
  A guardian serpent (Lair:5)
  A torpor snail (Lair:7)
  3 orange demons (Lair:8)
  3 black mambas (Lair:8)
  8 komodo dragons
  6 fire drakes
  3 trolls
  3 blue devils (Lair:8)
  A red devil (Lair:8)
  26 blink frogs
  Prince Ribbit (D:8)
  4 polar bears
  2 slime creatures
  Sigmund (D:3)
  53 yaks
  A spriggan (D:7)
  A wyvern (D:10)
  Grum (D:9)
  3 basilisks
  A vampire mosquito (Lair:4)
  6 swamp worms (Lair:4)
  3 wolves
  20 water moccasins
  A hell hound (Lair:8)
  A hungry ghost (D:10)
  6 hippogriffs
  2 sky beasts (D:10)
  9 porcupines
  A phantom (D:7)
  An orc warrior (D:6)
  A necrophage (D:9)
  3 black bears
  An ice beast (D:10)
  2 ogres
  3 centaurs
  15 crocodiles
  23 giant frogs
  2 scorpions
  2 electric eels
  2 crimson imps
  3 killer bees (D:10)
  2 centaur zombies
  3 quasits
  7 hounds
  8 jellies
  3 giant frog zombies
  3 iguanas
  4 orc wizards
  2 gnoll shamans
  2 worker ants
  A killer bee zombie (D:9)
  2 hound zombies
  A hound skeleton (D:6)
  A worker ant zombie (D:10)
  Robin (D:3)
  18 adders
  15 gnolls
  42 river rats
  A shadow imp (D:9)
  12 white imps (Lair:8)
  18 oozes
  3 adder skeletons
  2 adder zombies
  2 worms (D:3)
  4 giant geckos
  13 orcs
  2 ball pythons
  5 giant cockroaches
  16 goblins
  9 hobgoblins
  5 jackals
  6 bats
  4 giant newts
  A jackal skeleton (D:4)
  A quokka (D:5)
  A quokka skeleton (D:6)
  6 rats
  A plant (Lair:8)
504 creatures vanquished.

Vanquished Creatures (collateral kills)
  A hydra (Lair:8)
  A river rat (Lair:8)
2 creatures vanquished.

Vanquished Creatures (others)
  12 fungi
  2 plants
14 creatures vanquished.

Grand Total: 520 creatures vanquished

Notes
Turn   | Place    | Note
--------------------------------------------------------------
     0 | D:1      | Arkorax the Draconian Transmuter began the quest for the Orb.
     0 | D:1      | Reached XP level 1. HP: 16/16 MP: 3/3
   365 | D:1      | Reached XP level 2. HP: 20/23 MP: 5/5
   797 | D:2      | Reached XP level 3. HP: 23/28 MP: 4/6
  1411 | D:3      | Noticed Robin
  1417 | D:3      | Reached skill level 4 in Unarmed Combat
  1419 | D:3      | Reached XP level 4. HP: 35/35 MP: 5/7
  1428 | D:3      | Killed Robin
  1485 | D:3      | Noticed Sigmund
  1514 | D:3      | Killed Sigmund
  1514 | D:3      | Reached skill level 5 in Unarmed Combat
  1514 | D:3      | Reached XP level 5. HP: 14/40 MP: 8/8
  1514 | D:3      | Reached XP level 6. HP: 16/47 MP: 9/9
  2409 | D:3      | Reached skill level 5 in Transmutations
  2454 | D:4      | Noticed boringman's ghost (novice HuFi)
  2949 | D:5      | Entered Level 5 of the Dungeon
  3714 | D:5      | Reached skill level 6 in Unarmed Combat
  3714 | D:5      | Your scales start taking on a rich purple colour.
  3714 | D:5      | Reached XP level 7. HP: 24/52 MP: 10/10
  3959 | D:5      | Found Ime Lyav's Antique Weapon Emporium.
  4258 | D:6      | Found an opulent altar of Gozag.
  4265 | D:6      | Learned a level 5 spell: Blade Hands
  5174 | D:6      | Reached skill level 7 in Unarmed Combat
  5258 | D:6      | Found Qegolecs's Distillery.
  5262 | D:6      | Bought a potion of heal wounds for 55 gold pieces
  5262 | D:6      | Bought a potion of curing for 33 gold pieces
  5332 | D:6      | Reached XP level 8. HP: 55/59 MP: 9/11
  5503 | D:6      | Found a staircase to the Ecumenical Temple.
  5624 | Temple   | Entered the Ecumenical Temple
  6940 | D:7      | Reached skill level 8 in Unarmed Combat
  7236 | D:8      | Found Moitiga's Weapon Emporium.
  7457 | D:8      | Noticed Kloppie's ghost (novice HOFi)
  8542 | D:9      | Noticed Prince Ribbit
  8545 | D:9      | Noticed Grum
  8553 | D:8      | Killed Prince Ribbit
  8553 | D:8      | Reached skill level 9 in Unarmed Combat
  8553 | D:8      | Reached XP level 9. HP: 34/64 MP: 6/12
  8833 | D:9      | Killed Grum
  9118 | D:9      | Found a staircase to the Lair.
  9139 | D:9      | Noticed Erolcha
  9149 | D:9      | Killed Erolcha
  9149 | D:9      | Reached skill level 5 in Fighting
  9149 | D:9      | Reached skill level 10 in Transmutations
  9355 | D:9      | Noticed a troll
  9362 | D:9      | Killed a troll
  9362 | D:9      | Reached XP level 10. HP: 76/82 MP: 8/13
  9546 | D:9      | Noticed a troll
  9558 | D:9      | Killed a troll
  9836 | D:10     | Entered Level 10 of the Dungeon
  9949 | D:10     | Reached skill level 11 in Transmutations
 10383 | D:10     | Found a glowing golden altar of the Shining One.
 11224 | D:10     | Noticed a hill giant
 11234 | D:10     | Killed a hill giant
 11234 | D:10     | Reached XP level 11. HP: 96/96 MP: 8/14
 11266 | D:10     | Noticed a hill giant
 11277 | D:10     | Killed a hill giant
 11277 | D:10     | Reached skill level 12 in Transmutations
 11332 | Lair:1   | Entered Level 1 of the Lair of Beasts
 11664 | Lair:1   | Reached skill level 10 in Fighting
 12507 | Lair:2   | Learned a level 7 spell: Dragon Form
 12780 | Lair:2   | Reached skill level 10 in Unarmed Combat
 13502 | Lair:3   | You fall through a shaft!
 13859 | Lair:4   | Noticed a four-headed hydra
 13861 | Lair:4   | Noticed a five-headed hydra
 14729 | Lair:4   | Reached skill level 5 in Dodging
 15140 | Lair:4   | Killed a ten-headed hydra
 15140 | Lair:4   | Reached XP level 12. HP: 109/109 MP: 10/15
 16639 | Lair:4   | Found a staircase to the Swamp.
 16855 | Lair:4   | Reached skill level 13 in Fighting
 17418 | Lair:5   | Found a staircase to the Snake Pit.
 17912 | Lair:5   | Noticed an eight-headed hydra
 18052 | Lair:6   | Reached XP level 13. HP: 122/122 MP: 10/17
 18341 | Lair:6   | Found a dark tunnel.
 18346 | Volcano  | Entered a volcano
 18468 | Lair:6   | Reached skill level 5 in Spellcasting
 19343 | Lair:7   | Reached skill level 10 in Dodging
 20735 | Lair:8   | Entered Level 8 of the Lair of Beasts
 21298 | Lair:8   | Found a staircase to the Slime Pits.
 21330 | Slime:1  | Entered Level 1 of the Pits of Slime
 21330 | Slime:1  | Noticed an acid blob
 21330 | Slime:1  | Noticed an acid blob
 21461 | Lair:8   | Identified the Papyrus of Beguiling
 21985 | Lair:8   | Reached XP level 14. HP: 129/129 MP: 22/27
 22034 | Lair:8   | Noticed a dire elephant
 22698 | Lair:8   | Killed a dire elephant
 22708 | Lair:8   | Noticed a dire elephant
 22789 | Lair:8   | Killed a dire elephant
 22980 | Lair:8   | Noticed a dire elephant
 23351 | Lair:8   | Killed a dire elephant
 24262 | Lair:8   | Found a burning altar of Makhleb.
 24282 | Lair:8   | Mangled by a sun demon

Action                   |  1- 3 |  4- 6 |  7- 9 | 10-12 | 13-15 || total
-------------------------+-------+-------+-------+-------+-------++-------
Melee: Unarmed           |   113 |   265 |   389 |   730 |   866 ||  2363
 Cast: Beastly Appendage |     6 |     9 |    25 |     1 |       ||    41
       Blade Hands       |       |       |     7 |    64 |    28 ||    99
       Dragon Form       |       |       |       |       |     1 ||     1
 Abil: Breathe Dispellin |       |       |     6 |     3 |     3 ||    12
Evoke: Wand              |       |     1 |       |    15 |     7 ||    23
       Phial of floods   |       |       |       |       |     1 ||     1
  Use: Potion            |       |     2 |     2 |     1 |     1 ||     6
       Scroll            |       |     1 |       |    27 |    12 ||    40
 Stab: Paralysed         |       |       |       |     7 |     9 ||    16
       Sleeping          |       |       |       |     2 |     2 ||     4
       Distracted        |       |       |       |       |     1 ||     1
  Eat: Meat ration       |     1 |       |     2 |     1 |     2 ||     6
       Bread ration      |       |     1 |     2 |     4 |     2 ||     9
       Chunk             |       |       |     4 |    20 |    10 ||    34
       Pizza             |       |       |       |     3 |       ||     3
       Beef jerky        |       |       |       |     3 |       ||     3
       Fruit             |       |       |       |     2 |     3 ||     5
